 Dungeon Crawl Stone Soup version 0.24-a0-375-g4de66ed42b (webtiles) character file.

Game seed: 17782303551277195623

73061 HAL9000 the Unseen (level 15, -7/70 HPs)
             Began as a Vine Stalker Assassin on May 30, 2019.
             Was an Elder of Uskayaw.
             Mangled by an orc warrior
             ... wielding a +0 war axe
              (12 damage)
             ... in a bailey on May 31, 2019.
             The game lasted 01:17:15 (22888 turns).

HAL9000 the Unseen (Vine Stalker Assassin)         Turns: 22888, Time: 01:17:15

Health: -7/70      AC: 20    Str: 16    XL:     15   Next: 42%
Magic:  0/28       EV: 10    Int: 18    God:    Uskayaw [****..]
Gold:   1545       SH:  6    Dex: 20    Spells: 20/31 levels left

rFire    + . .     SeeInvis .   t - +2 dagger (elec)
rCold    + + .     Gourm    .   P - +0 buckler
rNeg     + . .     Faith    .   I - +4 ring mail "Riatsu" {rF+ rC++ Int+4 Dex+3}
rPois    +         Spirit   +   Q - +2 hat of Love and Death {*Slow rElec rPois Stlth+}
rElec    +         Reflect  .   y - +2 cloak {MR+}
rCorr    +         Harm     .   p - +0 pair of gloves
MR       ++...                  A - +2 pair of boots {Stlth+}
Stlth    ++++++++..             G - amulet of regeneration
HPRegen  1.41/turn              N - ring of resist corrosion
MPRegen  0.21/turn              h - ring of positive energy

@: no status effects
A: fangs 3, regeneration 2, magic shield, antimagic bite, no potion heal 3, rot
immunity
a: Stomp, Line Pass, Renounce Religion


You were in a bailey.
You worshipped Uskayaw.
Uskayaw was aware of your devotion.
You were hungry.

You visited 4 branches of the dungeon, and saw 23 of its levels.
You also visited: Ossuary and Bailey.

You collected 2205 gold pieces.
You spent 660 gold pieces at shops.

Inventory:

Hand Weapons
 c - the +3 rapier of Duenk {freeze, rElec rPois}
   (You bought it in a shop on level 2 of the Orcish Mines)

   It has been specially enchanted to freeze those struck by it, causing extra
   injury to most foes and up to half again as much damage against particularly
   susceptible opponents.
   It can also slow down cold-blooded creatures.
   It insulates you from electricity.
   It protects you from poison.
 d - a +2 scimitar of flaming
 t - a +2 dagger of electrocution (weapon)
Missiles
 e - 17 curare-tipped darts (quivered)
 l - 49 boomerangs
 m - 4 boomerangs of dispersal
 O - 5 silver boomerangs
 S - 2 silver javelins
Armour
 j - a +0 shield
 p - a +0 pair of gloves (worn)
 y - a +2 cloak of magic resistance (worn)
 A - a +2 pair of boots of stealth (worn)
 I - the +4 ring mail "Riatsu" (worn) {rF+ rC++ Int+4 Dex+3}
   (You found it on level 7 of the Dungeon)

   It affects your intelligence (+4).
   It affects your dexterity (+3).
   It protects you from fire.
   It greatly protects you from cold.
 P - a +0 buckler (worn)
 Q - the +2 hat of Love and Death (worn) {*Slow rElec rPois Stlth+}
   (You found it on level 2 of the Lair of Beasts)

   It insulates you from electricity.
   It protects you from poison.
   It may slow you when you take damage.
   It makes you more stealthy.
Jewellery
 h - a ring of positive energy (right hand)
 G - an amulet of regeneration (around neck)
 N - a ring of resist corrosion (left hand)
Wands
 r - a wand of acid (21)
 z - a wand of disintegration (38)
 B - a wand of flame (39)
 H - a wand of enslavement (13)
 K - a wand of paralysis (16)
 M - a wand of polymorph (11)
 T - a wand of digging (4)
 Y - a wand of iceblast (17)
Scrolls
 k - 2 scrolls of fear
 n - 6 scrolls of teleportation
 q - 9 scrolls of remove curse
 s - a scroll of fog
 u - a scroll of summoning
 C - 2 scrolls of magic mapping
 D - 7 scrolls of blinking
Potions
 b - 3 potions of ambrosia
 g - 3 potions of magic
 i - a potion of might
 o - 7 potions of curing
 w - 5 potions of haste
 x - 4 potions of brilliance
 E - a potion of cancellation
 F - 2 potions of flight
 R - a potion of berserk rage
 U - 3 potions of agility
 X - a potion of invisibility
Miscellaneous
 W - a fan of gales
Comestibles
 a - 4 chunks of flesh
 f - 41 rations


   Skills:
 * Level 4.1 Fighting
 - Level 11.0 Short Blades
 - Level 1.7 Throwing
 + Level 6.1 Armour
 - Level 0.7 Dodging
 - Level 16.0 Stealth
 - Level 4.1 Shields
 - Level 8.5 Spellcasting
 - Level 3.7 Conjurations
 - Level 8.1 Hexes
 - Level 4.0 Translocations
 - Level 10.0 Air Magic
 - Level 9.3 Invocations
 - Level 0.2 Evocations


You had 20 spell levels left.
You knew the following spells:

 Your Spells              Type           Power        Failure   Level  Hunger
a - Mephitic Cloud        Conj/Pois/Air  ###.....     8%          3    None
b - Blink                 Tloc           N/A          4%          2    None
c - Slow                  Hex            #####...     1%          2    None
d - Cause Fear            Hex            #####.....   5%          4    ###....

Your spell library contained the following spells:

 Spells                   Type           Power        Failure   Level  Hunger
 Confusing Touch          Hex            #####.       1%          1    None
 Corona                   Hex            #####..      1%          1    None
 Apportation              Tloc           ###...       3%          1    None
 Magic Dart               Conj           ###.         3%          1    None
 Poisonous Vapours        Pois/Air       ####..       3%          2    None
 Portal Projectile        Hex/Tloc       ####..       4%          3    None
 Flame Tongue             Conj/Fire      ##...        8%          1    None
 Sting                    Conj/Pois      ##..         8%          1    None
 Inner Flame              Hex/Fire       ###.....     9%          3    None
 Throw Frost              Conj/Ice       ##....       11%         2    None
 Animate Skeleton         Necr           N/A          16%         1    None
 Freeze                   Ice            #...         16%         1    None
 Summon Butterflies       Summ           #.......     16%         1    None
 Summon Small Mammal      Summ           #...         16%         1    None
 Conjure Flame            Conj/Fire      ##......     22%         3    None
 Call Imp                 Summ           #.......     24%         2    None
 Sublimation of Blood     Necr           #.........   24%         2    None
 Leda's Liquefaction      Hex/Erth       ###.......   30%         4    ###....
 Call Canine Familiar     Summ           #.......     43%         3    None
 Ozocubu's Armour         Chrm/Ice       #.......     43%         3    None
 Throw Icicle             Conj/Ice       ##......     58%         4    ###....
 Summon Mana Viper        Hex/Summ       ###.....     63%         5    #####..
 Olgreb's Toxic Radiance  Pois           #.......     85%         4    ###....
 Summon Ice Beast         Ice/Summ       #.......     85%         4    ###....
 Bolt of Draining         Conj/Necr      ##........   90%         5    #####..
 Venom Bolt               Conj/Pois      ##........   90%         5    #####..
 Agony                    Necr           #.......     99%         5    #####..
 Bolt of Fire             Conj/Fire      ##........   100%        6    ######.
 Dragon Form              Tmut           #.........   100%        7    #######
 Summon Hydra             Summ           #.........   100%        7    #######
 Dragon's Call            Summ           #.........   100%        9    #######


Dungeon Overview and Level Annotations

Branches:
Dungeon (14/15)            Temple (1/1) D:5            Lair (6/6) D:11
 Shoals (0/4) Lair:3       Spider (0/4) Lair:2        Slime (0/5) Lair:5
    Orc (2/2) D:12            Elf (0/3) Orc:2        Vaults (0/5) D:13

Altars:
Ashenzari
Cheibriados
Dithmenos
Elyvilon
Fedhas
Gozag
Hepliaklqana
Kikubaaqudgha
Makhleb
Nemelex Xobeh
Okawaru
Qazlal
Ru
Sif Muna
Trog
Uskayaw
Vehumet
Wu Jian
Xom
Yredelemnul
Zin
The Shining One
Beogh
Jiyva

Shops:
D:10 (   D:12 [   Orc:2 [([=

Annotations:
D:12 3 runed translucent doors, motoroller71's ghost, journeyman GrFi
D:13 2 transporters, kirsanium's ghost, journeyman GnIE
D:14 exclusion: Roxanne, Azrael; Roxanne
Lair:5 exclusion: oklob plant


Innate Abilities, Weirdness & Mutations

You have razor-sharp teeth.
You heal very quickly.
When hurt, damage is shared between your health and your magic reserves.
Your bite disrupts and absorbs the magic of your enemies.
Potions cannot restore your health.
You are immune to rotting.


Message History

You closely miss the orc knight.
You bite the orc knight, but do no damage.
The orc knight is heavily wounded.
The orc knight hits you with a cursed -1 battleaxe!!
* * * LOW HITPOINT WARNING * * *
The orc warrior hits you but does no damage.
Unknown command.
You hit the orc warrior but do no damage.
Your bite misses the orc warrior.
The orc warrior is almost dead.
The orc warrior hits you but does no damage.
Aiming: Line Pass
Press: ? - help, Dir - move target cursor The orc knight appears confused.
You are feeling hungry.
You can no longer merge with and destroy a victim.
The orc knight hits you with a cursed -1 battleaxe!
* * * LOW HITPOINT WARNING * * *
The orc warrior hits you with a +0 war axe!
You die...

#.....)..)..#.......))).#
#...........#.......).).#
###.........###......)).##
###.#'#.....###.###.....#'#.
###.....###.###.....###.###...
##.........###........
###.)...
#..........8##........ #.)....
#!.........8#o.)...... #.)))..
#∩....⌠.....)o@)...... #.....⌠
#..........8#o.)...... #......
#!.........8##)....... #......
##.........###........ ##.....
###.....###.###.....# ###...
###.#'#)....###.### #+#.
###).)......### ##
#.)))....... #...........


You could see an orc knight (confused) and 2 orc warriors.

Vanquished Creatures
  Saint Roka (Orc:2)
  A sphinx (D:11)
  An orc warlord (Bailey)
  A stone giant (Orc:1)
  Nessos (Lair:6)
  Snorg (D:12)
  A fire dragon (shapeshifter) (D:11)
  5 hydras
  4 vault guards
  A merfolk avatar (Lair:6)
  4 two-headed ogres
  A centaur warrior (D:13)
  A tengu warrior (D:11)
  2 orc high priests (Orc:2)
  Sonja (Lair:5)
  3 unseen horrors
  2 sea snakes (Lair:6)
  A deep elf mage (D:12)
  4 orc knights
  2 harpies (Lair:6)
  2 orc sorcerers (Orc:2)
  A wolf spider (Lair:2)
  5 elephants (Lair:6)
  A manticore (Lair:6)
  3 cyclopes
  3 black mambas
  A gargoyle (D:14)
  12 spiny frogs
  2 efreet
  2 kobold demonologists (D:11)
  13 komodo dragons
  5 rime drakes
  10 trolls
  2 tengu conjurers (D:14)
  3 polar bears
  3 hornets
  2 slime creatures (D:13)
  7 blink frogs
  4 hippogriffs
  8 dream sheep
  2 water elementals (D:14)
  2 shadows
  2 vampires
  2 wraiths (D:13)
  16 yaks
  The ghost of firegrace the Chopper, an amateur HOFi (D:3)
  5 wyverns
  6 vampire mosquitoes
  A human (shapeshifter) (D:13)
  A basilisk (Lair:2)
  2 hungry ghosts
  4 wargs
  An acid dragon (D:13)
  8 porcupines
  9 water moccasins
  5 ice beasts
  3 sky beasts
  An eye of draining (D:12)
  41 orc warriors
  A black bear (D:7)
  3 necrophages
  3 phantoms
  7 ogres
  5 centaurs
  23 wolves
  14 crocodiles
  6 big kobolds
  8 bullfrogs
  6 elf zombies (Ossuary)
  A wyvern skeleton (D:14)
  8 scorpions
  12 killer bees (D:8)
  13 wights
  3 howler monkeys
  An electric eel (Lair:4)
  2 crimson imps
  A quasit (D:7)
  A bullfrog zombie (D:12)
  3 centaur skeletons
  5 hounds
  2 human zombies (Ossuary)
  6 centaur zombies
  16 orc priests
  2 bullfrog skeletons
  3 jellies
  26 orc wizards
  3 iguanas
  5 worker ants
  Natasha (thrice) (D:3)
  4 mummies
  A worker ant zombie (D:8)
  30 gnolls
  10 adders
  A howler monkey skeleton (D:11)
  5 shadow imps
  An ooze (D:3)
  2 adder zombies
  3 worms
  A dart slug (D:2)
  3 leopard geckos
  114 orcs
  A ball python (D:3)
  5 giant cockroaches
  28 goblins
  12 hobgoblins
  7 jackals
  11 kobolds
  6 quokkas
  18 bats
  8 frilled lizards
  5 rats
707 creatures vanquished.

Vanquished Creatures (collateral kills)
  An orc wizard (Orc:2)
1 creature vanquished.

Vanquished Creatures (others)
  7 plants
7 creatures vanquished.

Grand Total: 715 creatures vanquished

Notes
Turn   | Place    | Note
-------+----------+-------------------------------------------
     0 | D:1      | HAL9000 the Vine Stalker Assassin began the quest for the
                  | Orb.
     0 | D:1      | Reached XP level 1. HP: 11/11 MP: 2/2
   119 | D:1      | Reached XP level 2. HP: 14/15 MP: 3/3
   686 | D:1      | Reached XP level 3. HP: 6/18 MP: 2/4
  1022 | D:2      | You fall into a shaft and drop 1 floor!
  1616 | D:2      | Gained mutation: Your natural rate of healing is unusually
                  | fast. [Vine Stalker growth]
  1616 | D:2      | Reached XP level 4. HP: 23/23 MP: 5/5
  1988 | D:3      | Reached XP level 5. HP: 26/26 MP: 6/6
  2075 | D:3      | Noticed Natasha
  2085 | D:3      | Killed Natasha
  2144 | D:3      | Noticed firegrace's ghost (amateur HOFi)
  2147 | D:3      | Found a runed translucent door.
  2196 | D:3      | Reached skill level 5 in Short Blades
  2352 | D:3      | Noticed Natasha
  2361 | D:3      | Killed Natasha
  2361 | D:3      | Reached XP level 6. HP: 30/30 MP: 7/7
  2475 | D:3      | Noticed Natasha
  2487 | D:3      | Killed Natasha
  3106 | D:4      | Reached XP level 7. HP: 34/34 MP: 8/8
  4005 | D:5      | Entered Level 5 of the Dungeon
  4024 | D:5      | Gained mutation: You have razor-sharp teeth. [Vine Stalker
                  | growth]
  4024 | D:5      | Reached XP level 8. HP: 28/38 MP: 5/9
  4414 | D:5      | Found a bloodstained altar of Trog.
  4505 | D:5      | Found a staircase to the Ecumenical Temple.
  4511 | Temple   | Entered the Ecumenical Temple
  4820 | Temple   | Became a worshipper of Uskayaw the Reveler
  4949 | D:6      | Reached * piety under Uskayaw
  4995 | D:6      | Reached ** piety under Uskayaw
  5001 | D:6      | Reached *** piety under Uskayaw
  5272 | D:6      | Found a sand-covered staircase.
  5279 | Ossuary  | Entered an ossuary
  5327 | Ossuary  | Reached **** piety under Uskayaw
  5430 | Ossuary  | Reached skill level 10 in Short Blades
  5480 | Ossuary  | Reached XP level 9. HP: 35/42 MP: 10/10
  6095 | D:6      | Learned a level 3 spell: Mephitic Cloud
  6098 | D:6      | Learned a level 2 spell: Blink
  6215 | D:7      | Found a deep blue altar of Sif Muna.
  6240 | D:7      | Reached skill level 1 in Spellcasting
  6547 | D:6      | Reached skill level 1 in Air Magic
  6642 | D:7      | Got a heavily runed ring mail
  6660 | D:7      | Identified the +4 ring mail "Riatsu" {rF+ rC++ Int+4 Dex+3}
                  | (You found it on level 7 of the Dungeon)
  6923 | D:8      | Reached ***** piety under Uskayaw
  7122 | D:8      | Reached XP level 10. HP: 46/46 MP: 18/18
  7152 | D:8      | Reached skill level 5 in Spellcasting
  7256 | D:8      | Noticed a three-headed hydra
  7270 | D:8      | Reached skill level 5 in Air Magic
  7294 | D:8      | Reached ****** piety under Uskayaw
  7296 | D:8      | Killed a three-headed hydra
  7507 | D:8      | Found a snail-covered altar of Cheibriados.
  7579 | D:8      | Found a glowing silver altar of Zin.
  8508 | D:10     | Entered Level 10 of the Dungeon
  8620 | D:10     | Found Ithraatwo's Weapon Shoppe.
  8780 | D:10     | Killed an unseen horror
  8780 | D:10     | Reached XP level 11. HP: 36/50 MP: 18/24
  9198 | D:10     | Killed an unseen horror
  9198 | D:10     | Reached skill level 1 in Translocations
  9713 | D:11     | Got a polished ring mail
  9724 | D:11     | Identified the +4 ring mail of the Morning Star {rPois
                  | Int+4} (You found it on level 11 of the Dungeon)
  9750 | D:11     | Noticed a two-headed ogre
  9766 | D:11     | Killed a two-headed ogre
  9977 | D:11     | Noticed a cyclops
  9979 | D:11     | Killed a cyclops
 10269 | D:11     | Reached skill level 10 in Air Magic
 10380 | D:11     | Reached skill level 1 in Conjurations
 10502 | D:11     | Noticed an orc knight
 10508 | D:11     | Killed an orc knight
 10514 | D:11     | Noticed a cyclops
 10515 | D:11     | Noticed a sphinx
 10515 | D:11     | a cyclops changed into a yaktaur
 10515 | D:11     | Noticed a tengu warrior
 10637 | D:11     | Reached skill level 1 in Shields
 10743 | D:11     | Killed a sphinx
 10743 | D:11     | Gained mutation: You heal very quickly. [Vine Stalker
                  | growth]
 10743 | D:11     | Reached XP level 12. HP: 52/54 MP: 25/25
 10806 | D:11     | Noticed a two-headed ogre
 10807 | D:11     | Found a staircase to the Lair.
 10829 | D:11     | Noticed a fire dragon
 10829 | D:11     | a slime creature changed into a fire dragon
 10835 | D:11     | Killed a fire dragon
 10835 | D:11     | Reached skill level 5 in Stealth
 10835 | D:11     | Reached skill level 1 in Invocations
 10845 | D:11     | Killed a two-headed ogre
 10845 | D:11     | Reached skill level 6 in Stealth
 10897 | Lair:1   | Entered Level 1 of the Lair of Beasts
 10917 | Lair:1   | Upgraded the game from 0.24-a0-370-g78e9d4e317 to
                  | 0.24-a0-375-g4de66ed42b
 11138 | Lair:1   | Reached skill level 7 in Stealth
 11930 | Lair:2   | Reached skill level 8 in Stealth
 12235 | Lair:2   | Learned a level 2 spell: Slow
 12240 | Lair:2   | Learned a level 4 spell: Cause Fear
 12292 | Lair:2   | Got an encrusted hat
 12303 | Lair:2   | Identified the +2 hat of Love and Death {*Slow rElec rPois
                  | Stlth+} (You found it on level 2 of the Lair of Beasts)
 12421 | Lair:2   | Found a hole to the Spider Nest.
 12430 | Lair:2   | Reached skill level 9 in Stealth
 12688 | Lair:3   | Noticed a six-headed hydra
 12690 | Lair:3   | Killed a six-headed hydra
 12690 | Lair:3   | Reached skill level 5 in Invocations
 12756 | Lair:3   | Reached skill level 10 in Stealth
 12984 | Lair:3   | Found a staircase to the Shoals.
 13096 | Lair:3   | Found a hide-covered altar of Uskayaw.
 13127 | Lair:3   | Reached XP level 13. HP: 58/58 MP: 26/26
 13145 | Lair:3   | Reached skill level 11 in Stealth
 13770 | Lair:4   | Reached skill level 12 in Stealth
 14564 | Lair:5   | Noticed Sonja
 14578 | Lair:5   | Killed Sonja
 14646 | Lair:5   | Reached skill level 13 in Stealth
 14728 | Lair:5   | Found a viscous altar of Jiyva.
 14730 | Lair:5   | Found a staircase to the Slime Pits.
 15344 | Lair:6   | Entered Level 6 of the Lair of Beasts
 15461 | Lair:6   | Reached skill level 14 in Stealth
 15465 | Lair:6   | Noticed Nessos
 15487 | Lair:6   | Killed Nessos
 15689 | Lair:6   | Reached skill level 15 in Stealth
 15947 | Lair:6   | Reached XP level 14. HP: 23/62 MP: 9/27
 15950 | Lair:6   | HP: 3/62 [harpy (3)]
 16231 | Lair:6   | Reached skill level 16 in Stealth
 16461 | Lair:6   | Reached skill level 1 in Armour
 16703 | Lair:6   | Found the +6 Majin-Bo {vamp, Archmagi MP+6 Int+6}
 16846 | Lair:6   | Identified the Reference Book on Darkness
 17454 | D:12     | Found Buoren's Armour Shoppe.
 17498 | D:12     | Noticed Snorg
 17504 | D:12     | Killed Snorg
 17535 | D:12     | Found a shadowy altar of Dithmenos.
 17629 | D:12     | Found a runed translucent gate.
 17629 | D:12     | Found a runed translucent gate.
 17630 | D:12     | Found a runed translucent gate.
 17630 | D:12     | Noticed motoroller71's ghost (journeyman GrFi)
 17630 | D:12     | Noticed a tengu reaver
 17631 | D:12     | Noticed a sphinx
 17949 | D:12     | Found a staircase to the Orcish Mines.
 17960 | Orc:1    | Entered Level 1 of the Orcish Mines
 17960 | Orc:1    | Noticed a stone giant
 17962 | Orc:1    | Killed a stone giant
 18212 | Orc:2    | Entered Level 2 of the Orcish Mines
 18219 | Orc:2    | Found a staircase to the Elven Halls.
 18461 | Orc:2    | Reached skill level 1 in Hexes
 18591 | Orc:2    | Found a roughly hewn altar of Beogh.
 18608 | Orc:2    | Found Ukigoku's Jewellery Shoppe.
 18948 | Orc:2    | Found a roughly hewn altar of Beogh.
 19385 | Orc:2    | Found a roughly hewn altar of Beogh.
 19391 | Orc:2    | Found Faej's Armour Boutique.
 19525 | Orc:2    | Noticed Saint Roka
 19586 | Orc:2    | Reached skill level 5 in Hexes
 19591 | Orc:2    | Killed Saint Roka
 19656 | Orc:2    | Found a roughly hewn altar of Beogh.
 19656 | Orc:2    | Found Owauthi's Antique Armour Boutique.
 19681 | Orc:2    | Found Irabb's Antique Weapon Shop.
 19699 | Orc:2    | Bought a runed cloak for 172 gold pieces
 19717 | Orc:2    | Bought an iridescent rapier for 252 gold pieces
 19717 | Orc:2    | Identified the +3 rapier of Duenk {freeze, rElec rPois}
                  | (You bought it in a shop on level 2 of the Orcish Mines)
 19846 | Orc:2    | Bought a +2 pair of boots of stealth for 236 gold pieces
 20343 | D:3      | Killed firegrace's ghost
 20550 | D:13     | Found a shadowy altar of Dithmenos.
 20918 | D:13     | Found a transporter.
 20918 | D:13     | Noticed kirsanium's ghost (journeyman GnIE)
 20923 | D:13     | Found a transporter.
 20999 | D:13     | Reached XP level 15. HP: 54/65 MP: 22/28
 21494 | D:13     | Found a gate to the Vaults.
 21589 | D:12     | Reached skill level 5 in Armour
 22176 | D:14     | Found an opulent altar of Gozag.
 22436 | D:14     | Identified Roxanne's Grimoire of Earth
 22436 | D:14     | Noticed Roxanne
 22457 | D:14     | Noticed Azrael
 22551 | D:14     | Found a flagged portal.
 22578 | Bailey   | Entered a bailey
 22851 | Bailey   | Noticed an orc warlord
 22879 | Bailey   | Killed an orc warlord
 22888 | Bailey   | Mangled by an orc warrior

Levels and vault maps discovered:
D:1:      dpeg_arrival_chambers_temple_mockup, layout_rooms,
          serial_bayou_pond_e, minivault_24
D:2:      layout_basic, due_unseen_surprise
D:3:      layout_loops_ring, hellmonk_ghost_happy_afterlife, uniq_natasha
D:4:      old_forge, layout_cave_pools, first_ration
D:5:      layout_basic, minmay_temple_entry_wispy, basic_altar
D:6:      layout_rooms, gup_ossuary_entry_pyramid, minivault_14
D:7:      layout_rooms, basic_altar, grunt_ministairs_7
D:8:      layout_loops_ring, old_standard_altar, hangedman_ranch
          [blue_anna_fruit_fields], hangedman_abyss_or_decor_clamps,
          kennysheep_flooded_box
D:9:      layout_roguey, serial_glass, glass_columns_a, glass_columns_c
D:10:     layout_layer_cave, serial_shops, shop_statue, kennysheep_boxes
D:11:     minmay_mutant_horseshoe, layout_loops_ring, david_lair_shrubbed,
          minivault_19, st_stairs_6, minmay_parallelograms
D:12:     layout_rooms, david_orc_4, serial_shops, shop, gammafunk_ghost_split,
          basic_altar, uniq_snorg
D:13:     layout_gridville, lightli_vaults_fourway_checkpoint,
          gammafunk_ghost_mausoleum, grunt_dithmenos_smoke
D:14:     argonaut_augean_stables, layout_irregular_city, basic_altar,
          enter_bailey_3, chequers_mini_garden, uniq_roxanne, uniq_azrael
Temple:   regret_index_temple_sigil_plot
Lair:1:   layout_concentric_octagons
Lair:2:   layout_chaotic_city, spider_nest_entry_rubble, minmay_hedge_maze
Lair:3:   layout_roguey, shoals_dummy_entry, basic_altar, beast_lair_carwin_1,
          lemuel_fruit_fields
Lair:4:   layout_gridlike, serial_bayou_shore_a
Lair:5:   layout_roguey, slime_altar_1, dpeg_oklob_1, uniq_sonja
Lair:6:   gammafunk_lair_ancient_temple, layout_big_grid,
          gauntlet_entry_generic, uniq_nessos
Orc:1:    layout_caves, lightli_orcish_oven
Orc:2:    grunt_orc_community_town_hall, layout_diamond_mine,
          grunt_orc_community_big_house_2, grunt_orc_community_big_house_1,
          grunt_orc_community_house_1, grunt_orc_community_house_3,
          grunt_orc_community_house_1, grunt_orc_community_house_1,
          grunt_orc_community_house_1
Bailey:   bailey_axe_minmay_hex_keep, bailey

Skill      XL: |  1  2  3  4  5  6  7  8  9 10 11 12 13 14 15 |
---------------+----------------------------------------------+-----
Short Blades   | 2 3 4 5 6 8 10 11 | 11.0
Spellcasting   | 4 8 |  8.5
Air Magic      | 4 7 10 | 10.0
Translocations | 4 |  4.0
Conjurations   | 3 |  3.7
Shields        | 4 |  4.1
Stealth        | 10 15 16 | 16.0
Invocations    | 5 7 9 |  9.3
Armour         | 3 6 |  6.1
Hexes          | 7 8 |  8.1
Fighting       | 4 |  4.1
Throwing       | |  1.7
Dodging        | |  0.7
Evocations     | |  0.2

Action                   |  1- 3 |  4- 6 |  7- 9 | 10-12 | 13-15 || total
-------------------------+-------+-------+-------+-------+-------++-------
Melee: Dagger            |    98 |   144 |   478 |   621 |  1457 ||  2798
       Bite              |    15 |    48 |   172 |   231 |   528 ||   994
Throw: Dart              |     4 |    32 |    57 |    36 |    40 ||   169
       Boomerang         |       |       |       |     7 |     6 ||    13
       Javelin           |       |       |       |       |     2 ||     2
 Cast: Mephitic Cloud    |       |       |       |       |    18 ||    18
Invok: Line Pass         |       |       |     6 |     4 |     8 ||    18
       Stomp             |       |       |     1 |       |     2 ||     3
       Grand Finale      |       |       |       |       |     1 ||     1
Evoke: Wand              |       |       |     2 |     2 |       ||     4
  Use: Scroll            |       |     5 |    15 |    10 |     8 ||    38
       Potion            |       |       |       |     1 |       ||     1
 Stab: Sleeping          |     9 |     6 |     5 |    12 |    39 ||    71
       Paralysed         |       |       |     8 |    23 |    60 ||    91
       Confused          |       |       |     2 |       |    20 ||    22
       Invisible         |       |       |       |     2 |       ||     2
       Distracted        |       |       |       |     1 |     4 ||     5
  Eat: Chunk             |     2 |    15 |    17 |    21 |    27 ||    82
       Ration            |       |       |       |       |     1 ||     1
Armor: Robe              |    26 |    20 |       |       |       ||    46
       Leather armour    |       |    22 |    92 |       |       ||   114
       Ring mail         |       |       |    27 |   153 |   412 ||   592
Dodge: Dodged            |    48 |    58 |   165 |   150 |   347 ||   768
Block: Buckler           |       |       |       |    36 |   252 ||   288

Table legend:
 A = Non-vault XP
 B = Vault XP
 C = Vault XP percentage of total XP
 D = Non-vault monster count
 E = Vault monster count
 F = Vault count percentage of total count
                 A         B        C        D         E       F
            +---------+---------+-------+---------+---------+-------
      Total |   58757 |   45617 |  43.7 |     464 |     244 |  34.5
            +---------+---------+-------+---------+---------+-------
        D:1 |      35 |       0 |   0.0 |      20 |       0 |   0.0
        D:2 |      97 |       0 |   0.0 |      18 |       0 |   0.0
        D:3 |     261 |     234 |  47.3 |      34 |       2 |   5.6
        D:4 |     342 |     365 |  51.6 |      13 |      13 |  50.0
        D:5 |     274 |       0 |   0.0 |       5 |       0 |   0.0
        D:6 |     713 |      18 |   2.5 |      25 |       1 |   3.8
        D:7 |     523 |      13 |   2.4 |      17 |       1 |   5.6
        D:8 |    1559 |    2171 |  58.2 |      33 |       8 |  19.5
        D:9 |    1431 |       0 |   0.0 |      26 |       0 |   0.0
       D:10 |    2745 |       0 |   0.0 |      15 |       0 |   0.0
       D:11 |    6784 |    5513 |  44.8 |      41 |       8 |  16.3
       D:12 |    4540 |    2578 |  36.2 |      24 |      16 |  40.0
       D:13 |    7604 |    4320 |  36.2 |      25 |      10 |  28.6
       D:14 |    3673 |       6 |   0.2 |      19 |       4 |  17.4
     Lair:1 |    2922 |       0 |   0.0 |      16 |       0 |   0.0
     Lair:2 |    2050 |     542 |  20.9 |      13 |       1 |   7.1
     Lair:3 |    5053 |    1159 |  18.7 |      17 |       7 |  29.2
     Lair:4 |    4739 |       0 |   0.0 |      16 |       0 |   0.0
     Lair:5 |    4158 |     782 |  15.8 |      18 |       1 |   5.3
     Lair:6 |    4427 |   12369 |  73.6 |      20 |      27 |  57.4
      Orc:1 |    2111 |       0 |   0.0 |       9 |       0 |   0.0
      Orc:2 |    2716 |   10914 |  80.1 |      40 |      73 |  64.6
    Ossuary |       0 |     896 | 100.0 |       0 |      15 | 100.0
     Bailey |       0 |    3737 | 100.0 |       0 |      57 | 100.0
            +---------+---------+-------+---------+---------+-------
